 Dungeon Sprint DCSS version 0.19-a0-1490-g5dd3618 (webtiles) character file.

18773 poirepourri the Ninja (level 12, -11/51 HPs)
             Began as a Spriggan Enchanter on Sept 8, 2016.
             Was the Champion of Dithmenos.
             Killed from afar by a fire giant (62 damage)
             ... with a fireball
             ... in the Dungeon (Sprint I: "Red Sonja").
             The game lasted 00:16:05 (3660 turns).

poirepourri the Ninja (Spriggan Enchanter)          Turns: 3660, Time: 00:16:05

Health: -11/51     AC:  7    Str:  4    XL:     12   Next: 30%
Magic:  30/31      EV: 30    Int: 24    God:    Dithmenos [******]
Gold:   447        SH:  0    Dex: 20    Spells: 5 memorised, 33 levels left

rFire  . . .     SeeInvis +     a - +1 dagger
rCold  + . .     Gourm    .     y - +2 robe "Rares" {rElec Int+4 Dex+2}
rNeg   . . .     Faith    .     (shield restricted)
rPois  +         Spirit   .     (helmet restricted)
rElec  +         Dismiss  .     n - +1 cloak
rCorr  .         Reflect  .     (gloves unavailable)
MR     +++..     Harm     .     (boots unavailable)
Stlth  ++++++++++ NoTele   +    (no amulet)
                                q - ring of Bipsimargh {rPois Int+2 Stlth+}
                                u - ring "Gaychits" {rC+ MR+ AC+2 Int+4 SInv}

@: wreathed by umbra, very quick
A: unfitting armour, antennae 1, see invisible, clumsy 1, deformed body,
deterioration 1, dopey 2, herbivore 3, speed 3, low mp 1, screaming 1, slow
metabolism 2, subdued magic 1, MP-powered wands
a: Shadow Step, Shadow Form, Renounce Religion


You were in the Dungeon.
You worshipped Dithmenos.
Dithmenos was exalted by your worship.
You were full.

You visited 1 branch You collected 2741 gold pieces.
You spent 2294 gold pieces at shops.

Inventory:

Hand Weapons
 a - a +1 dagger (weapon)
 b - a +0 blowgun
 r - the +3 shortbow "Puosaw" {flame, Str+7 Dex+3}
   (You found it in the Dungeon)

   It causes projectiles fired from it to burn those they strike, causing extra
   injury to most foes and up to half again as much damage against particularly
   susceptible opponents.
   It affects your strength (+7).
   It affects your dexterity (+3).
   Dithmenos disapproves of the use of such an item.
 s - a +0 dagger of venom
Missiles
 t - 5 curare-tipped needles
Armour
 k - a +0 buckler of protection
 n - a +1 cloak (worn)
 p - a +2 robe
 y - the +2 robe "Rares" (worn) {rElec Int+4 Dex+2}
   (You bought it in a shop in the Dungeon)

   It affects your intelligence (+4).
   It affects your dexterity (+2).
   It insulates you from electricity.
 z - the +0 robe "Uraoce" {Int+5}
   (You bought it in a shop in the Dungeon)

   It affects your intelligence (+5).
Jewellery
 l - an uncursed ring of positive energy
 q - the ring of Bipsimargh (right hand) {rPois Int+2 Stlth+}
   (You bought it in a shop in the Dungeon)

   [ring of stealth]

   It affects your intelligence (+2).
   It protects you from poison.
   It makes you more stealthy.
 u - the ring "Gaychits" (left hand) {rC+ MR+ AC+2 Int+4 SInv}
   (You bought it in a shop in the Dungeon)

   [ring of protection]

   It affects your AC (+2).
   It affects your intelligence (+4).
   It protects you from cold.
   It affects your resistance to hostile enchantments.
   It lets you see invisible.
Wands
 m - a wand of polymorph (13/24)
Scrolls
 g - 2 scrolls of identify
 h - a scroll of remove curse
Potions
 e - 4 potions of curing
 f - 2 potions of heal wounds
 i - 2 potions of brilliance
 v - a potion of flight
 w - a potion of might
Books
 c - a book of Maledictions

   Spells                             Type                      Level
   a - Corona                         Hexes                        1
   b - Ensorcelled Hibernation        Hexes/Ice                    2
   c - Confuse                        Hexes                        3
   d - Tukima's Dance                 Hexes                        3
   e - Dazzling Spray                 Conjuration/Hexes            3
 j - a book of Enchantments

   Spells                             Type                      Level
   a - Cause Fear                     Hexes                        4
   b - Yara's Violent Unravelling     Hexes/Transmutation          5
   c - Silence                        Hexes/Air                    5
   d - Deflect Missiles               Charms/Air                   6
   e - Haste                          Charms                       6
   f - Discord                        Hexes                        8
Miscellaneous
 o - a disc of storms
Comestibles
 d - 3 bread rations
 x - 3 fruits


   Skills:
 + Level 5.4 Short Blades
 + Level 12.9 Dodging
 O Level 27 Stealth
 + Level 17.4 Spellcasting
 + Level 19.1 Hexes


You had 33 spell levels left.
You knew the following spells:

 Your Spells              Type           Power        Failure   Level  Hunger
a - Corona                Hex            ######.      0%          1    None
b - Ensorcelled Hibernat  Hex/Ice        ######       1%          2    None
c - Confuse               Hex            ######..     0%          3    None
d - Tukima's Dance        Hex            ######..     0%          3    None
e - Dazzling Spray        Conj/Hex       ######       1%          3    None


Dungeon Overview and Level Annotations

Branches:
Dungeon (1/1)

Altars:
Cheibriados
Dithmenos
Elyvilon
Fedhas
Gozag
Hepliaklqana
Kikubaaqudgha
Makhleb
Nemelex Xobeh
Okawaru
Qazlal
Ru
Sif Muna
Trog
Uskayaw
Vehumet
Xom
Yredelemnul
Zin
The Shining One
Jiyva
Lugonu

Shops:
D *}!?%%=?:==[%[=[:**[[


Innate Abilities, Weirdness & Mutations

You are tiny and cannot use many weapons and most armour.
You have supernaturally acute eyesight. (SInv)
You are a herbivore.
You cover ground extremely quickly.
You need consume almost no food.
You have a pair of small antennae on your head.
You are clumsy. (Dex -2)
Armour fits poorly on your strangely shaped body.
Your body sometimes deteriorates upon taking damage.
You are very dopey. (Int -4)
Your magical capacity is low. (-10% MP)
You occasionally shout uncontrollably at your foes.
Your spells are a little easier to cast, but a little less powerful.
You expend magic power (3 MP) to strengthen your wands.


Message History

A fire giant comes into view.
It is wielding a great sword of flaming.
A fire giant comes into view.
It is wielding a great sword of flaming.
A fire giant comes into view.
It is wielding a great sword of flaming.
Found four items.
Found a potion of curing, 21 stones and 81 gold pieces.
The helpless fire giant fails to defend itself.
You perforate the fire giant like a sieve!!!!!
You kill the fire giant!
Dithmenos accepts your kill.
Dithmenos appreciates your extinguishing a source of fire.
You feel your strength returning.
Your Hexes skill increases to level 19!
Okay, then.
The fire giant shouts! x3
Found four items.
You see here a great sword of flaming.
The fire giant gestures at you while chanting.
The fireball explodes!
The fireball engulfs you!
Ouch! That really hurt!
You die...

§###.###.#§§###..###..#+###
...'.∩##.#§§####..###...#{
########.##'#.§#..#§###.#{
......##.##.#..§...§§.#.#
......§§§####.......§.#.#
''######§#..'......####'#
......§#§#####...###....#
....§§#§.#?$$#####...####
.....§####?C...)@..###
....≈≈# ?!(....#####
..≈≈≈## ((..C.# ≈≈≈###
?..C.# ###'###


$$$$$ ####∩∩# #### ∩∩∩∩∩## ≈≈≈ ###### ### You could see 3 fire giants.

Vanquished Creatures
  A fire giant (D)
  A lorocyproca (D)
  A hydra (D)
  2 centaur warriors (D)
  Sonja (D)
  7 unseen horrors (D)
  A deep troll (D)
  A lindwurm (D)
  8 shining eyes (D)
  An oklob plant (D)
  A gargoyle (D)
  2 kobold demonologists (D)
  4 demonic crawlers (D)
  A slime creature (D)
  2 redbacks (D)
  A yak (D)
  Sigmund (D)
  13 hogs (D)
  7 giant eyeballs (D)
  A wasp (D)
  7 necrophages (D)
  An ogre (D)
  8 jellies (D)
  Ijyb (D)
  4 ballistomycetes (D)
  A giant spore (D)
79 creatures vanquished.

Vanquished Creatures (others)
  A deep elf master archer (D)
  4 wasps (D)
  A giant spore (D)
6 creatures vanquished.

Grand Total: 85 creatures vanquished

Notes
Turn   | Place    | Note
-------+----------+-------------------------------------------
     0 | D        | poirepourri the Spriggan Enchanter began the quest for the Orb.
     0 | D        | Reached XP level 1. HP: 9/9 MP: 5/5
     3 | D        | Noticed Ijyb
    15 | D        | Killed Ijyb
    15 | D        | Reached skill level 6 in Stealth
    15 | D        | Reached skill level 5 in Hexes
    15 | D        | Reached XP level 2. HP: 13/13 MP: 4/7
    90 | D        | Learned a level 2 spell: Ensorcelled Hibernation
   102 | D        | Noticed an ogre
   106 | D        | Killed an ogre
   106 | D        | Reached skill level 5 in Dodging
   106 | D        | Reached skill level 9 in Stealth
   106 | D        | Reached skill level 5 in Spellcasting
   106 | D        | Reached XP level 3. HP: 16/16 MP: 7/10
   106 | D        | Reached XP level 4. HP: 21/21 MP: 8/12
   191 | D        | Noticed Sigmund
   194 | D        | Killed Sigmund
   194 | D        | Reached skill level 11 in Stealth
   194 | D        | Reached skill level 10 in Hexes
   194 | D        | Reached XP level 5. HP: 24/24 MP: 13/15
   208 | D        | Found a deep blue altar of Sif Muna.
   210 | D        | Found a radiant altar of Vehumet.
   214 | D        | Reached XP level 6. HP: 28/28 MP: 16/16
   251 | D        | Found Nedatael's Magic Scroll Emporium.
   251 | D        | Found an ancient bone altar of Kikubaaqudgha.
   251 | D        | Found a hazy altar of Hepliaklqana.
   251 | D        | Found a stormy altar of Qazlal.
   251 | D        | Found a hide-covered altar of Uskayaw.
   251 | D        | Found a blossoming altar of Fedhas.
   251 | D        | Found a bloodstained altar of Trog.
   251 | D        | Found an iron altar of Okawaru.
   251 | D        | Found a basalt altar of Yredelemnul.
   251 | D        | Found a glowing golden altar of the Shining One.
   251 | D        | Found a snail-covered altar of Cheibriados.
   251 | D        | Found a sacrificial altar of Ru.
   251 | D        | Found a glowing silver altar of Zin.
   251 | D        | Found a shadowy altar of Dithmenos.
   251 | D        | Found a white marble altar of Elyvilon.
   251 | D        | Noticed a yak
   252 | D        | Found an opulent altar of Gozag.
   253 | D        | Killed a yak
   253 | D        | Reached skill level 12 in Stealth
   254 | D        | Found a sparkling altar of Nemelex Xobeh.
   262 | D        | Became a worshipper of Dithmenos the Shadowed
   271 | D        | Learned a level 3 spell: Confuse
   275 | D        | Learned a level 3 spell: Tukima's Dance
   279 | D        | Learned a level 3 spell: Dazzling Spray
   281 | D        | Bought a scroll of enchant armour for 90 gold pieces
   281 | D        | Bought a scroll of identify for 24 gold pieces
   295 | D        | Found a burning altar of Makhleb.
   295 | D        | Found a viscous altar of Jiyva.
   295 | D        | Found a shimmering altar of Xom.
   295 | D        | Found a corrupted altar of Lugonu.
   295 | D        | Noticed a slime creature
   319 | D        | Killed a slime creature
   319 | D        | Reached skill level 13 in Stealth
   319 | D        | Reached XP level 7. HP: 22/32 MP: 1/19
   444 | D        | Noticed a centaur warrior
   446 | D        | Noticed a centaur warrior
   449 | D        | Killed a centaur warrior
   449 | D        | Reached skill level 15 in Stealth
   449 | D        | Reached skill level 10 in Spellcasting
   449 | D        | Reached XP level 8. HP: 36/36 MP: 20/23
   451 | D        | Killed a centaur warrior
   451 | D        | Reached * piety under Dithmenos
   451 | D        | Reached skill level 17 in Stealth
   492 | D        | Reached skill level 10 in Dodging
   492 | D        | Reached XP level 9. HP: 38/39 MP: 25/25
   519 | D        | Noticed a deep troll
   521 | D        | Killed a deep troll
   521 | D        | Reached skill level 18 in Stealth
   537 | D        | Found Koweiw's Armour Emporium.
   545 | D        | Bought a +1 cloak for 149 gold pieces
   547 | D        | Bought a +0 buckler of protection for 149 gold pieces
   564 | D        | Noticed an oklob plant
   566 | D        | Killed an oklob plant
   566 | D        | Reached ** piety under Dithmenos
   566 | D        | Reached skill level 19 in Stealth
   578 | D        | Reached skill level 15 in Hexes
   594 | D        | Noticed an unseen horror
   594 | D        | Noticed an unseen horror
   603 | D        | Killed an unseen horror
   605 | D        | Killed an unseen horror
   605 | D        | Reached *** piety under Dithmenos
   605 | D        | Reached skill level 20 in Stealth
   605 | D        | Reached XP level 10. HP: 44/44 MP: 22/28
   639 | D        | Reached **** piety under Dithmenos
   652 | D        | Reached ***** piety under Dithmenos
   659 | D        | Reached skill level 21 in Stealth
   840 | D        | Got a crude shortbow
   844 | D        | Found Gonemoxt's Magic Scroll Shoppe.
   844 | D        | Found Vesiw's Jewellery Shop.
   844 | D        | Found Gikasigu's Book Boutique.
   846 | D        | Found Caicloyb's Jewellery Emporium.
   846 | D        | Found Yxkoqoyb's Jewellery Shop.
   846 | D        | Found Zonedw Qecs's Armour Shoppe.
   846 | D        | Found Agasefo's Food Boutique.
   846 | D        | Found Tiblit's Antique Armour Emporium.
   846 | D        | Found Guukh's Jewellery Shop.
   846 | D        | Found Izoskuawu's Antique Armour Shoppe.
   850 | D        | Found Cefaiqic's Book Boutique.
   851 | D        | Found Viliseat's Assorted Antiques.
   851 | D        | Found Paamiofai's General Store.
   855 | D        | Bought the ring of Bipsimargh {rPois Int+2 Stlth+} for 329 gold pieces
   856 | D        | Found Qoemniz's Antique Armour Emporium.
   862 | D        | Bought a bread ration for 70 gold pieces
   862 | D        | Bought a bread ration for 70 gold pieces
   917 | D        | Identified the cursed +3 shortbow "Puosaw" {flame, Str+7 Dex+3} (You found it in the Dungeon)
   927 | D        | Bought a scroll of remove curse for 36 gold pieces
   936 | D        | Noticed Sonja
   940 | D        | Killed Sonja
  1347 | D        | Reached skill level 22 in Stealth
  1349 | D        | Reached ****** piety under Dithmenos
  1358 | D        | Reached skill level 23 in Stealth
  1377 | D        | Noticed a lindwurm
  1381 | D        | Killed a lindwurm
  1381 | D        | Reached XP level 11. HP: 47/47 MP: 30/30
  1406 | D        | Noticed a lorocyproca
  1413 | D        | Killed a lorocyproca
  1413 | D        | Reached skill level 24 in Stealth
  1881 | D        | Bought a book of Enchantments for 550 gold pieces
  1893 | D        | Bought the ring "Gaychits" {rC+ MR+ AC+2 Int+4 SInv} for 422 gold pieces
  1949 | D        | Found Dinitzau's Assorted Antiques.
  1957 | D        | Bought a pink potion for 23 gold pieces
  1957 | D        | Bought a scroll of identify for 52 gold pieces
  2117 | D        | Noticed a shining eye
  2117 | D        | Noticed a shining eye
  2117 | D        | Noticed a shining eye
  2118 | D        | Noticed a shining eye
  2118 | D        | Noticed a shining eye
  2118 | D        | Noticed a shining eye
  2122 | D        | Noticed a shining eye
  2122 | D        | Noticed a shining eye
  2124 | D        | Killed a shining eye
  2128 | D        | Gained mutation: You expend magic power (3 MP) to strengthen your wands. [a shining eye]
  2136 | D        | Gained mutation: Your magical capacity is low. (-10% MP) [a shining eye]
  2142 | D        | Gained mutation: Your spells are a little easier to cast, but a little less powerful. [a shining eye]
  2160 | D        | Gained mutation: Armour fits poorly on your strangely shaped body. [a shining eye]
  2169 | D        | Gained mutation: You occasionally shout uncontrollably at your foes. [a shining eye]
  2170 | D        | Gained mutation: You are clumsy. (Dex -2) [a shining eye]
  2175 | D        | Killed a shining eye
  2182 | D        | Gained mutation: You are dopey. (Int -2) [a shining eye]
  2196 | D        | Killed a shining eye
  2196 | D        | Reached skill level 25 in Stealth
  2198 | D        | Killed a shining eye
  2198 | D        | Reached skill level 15 in Spellcasting
  2201 | D        | Killed a shining eye
  2204 | D        | Gained mutation: You have a pair of small antennae on your head. [a shining eye]
  2209 | D        | Gained mutation: You are very dopey. (Int -4) [a shining eye]
  2215 | D        | Gained mutation: Your body sometimes deteriorates upon taking damage. [a shining eye]
  2220 | D        | Killed a shining eye
  2224 | D        | Killed a shining eye
  2460 | D        | Found Miggiut's Gadget Shoppe.
  2460 | D        | Found Dulak's Food Boutique.
  2460 | D        | Found Naomp's Distillery.
  2461 | D        | Found Paenus's Food Shop.
  2510 | D        | Killed a shining eye
  2605 | D        | Killed a deep elf master archer
  2628 | D        | Bought a coppery potion for 20 gold pieces
  2898 | D        | Bought a heavily jewelled robe for 102 gold pieces
  2898 | D        | Bought an opalescent robe for 102 gold pieces
  2903 | D        | Bought a bread ration for 70 gold pieces
  2925 | D        | Identified the +2 robe "Rares" {rElec Int+4 Dex+2} (You bought it in a shop in the Dungeon)
  2935 | D        | Identified the cursed +0 robe "Uraoce" {Int+5} (You bought it in a shop in the Dungeon)
  2984 | D        | Bought a scroll of remove curse for 36 gold pieces
  3092 | D        | Reached skill level 26 in Stealth
  3310 | D        | Noticed a 12-headed hydra
  3312 | D        | Killed a 12-headed hydra
  3412 | D        | Noticed a daeva
  3415 | D        | Noticed an unseen horror
  3415 | D        | Noticed an unseen horror
  3415 | D        | Noticed an unseen horror
  3416 | D        | Noticed an unseen horror
  3419 | D        | Killed an unseen horror
  3419 | D        | Reached XP level 12. HP: 51/51 MP: 27/30
  3427 | D        | Reached skill level 5 in Short Blades
  3427 | D        | Reached skill level 27 in Stealth
  3651 | D        | Noticed a fire giant
  3654 | D        | Noticed a fire giant
  3655 | D        | Noticed a fire giant
  3656 | D        | Noticed a fire giant
  3658 | D        | Killed a fire giant
  3660 | D        | Killed from afar by a fire giant

Vault maps used:
D:        dungeon_sprint_1

Skill      XL: |  1  2  3  4  5  6  7  8  9 10 11 12 |
---------------+-------------------------------------+-----
Dodging        | 4 5 6 8 9 10 11 12 | 12.9
Stealth        | 6 9 11 13 15 17 20 23 26 27 | 27.0
Spellcasting   | 3 5 6 8 10 11 13 14 16 17 | 17.4
Hexes          | 5 7 10 11 13 14 15 16 18 19 | 19.1
Short Blades   | 2 3 4 5 |  5.4

Action                   |  1- 3 |  4- 6 |  7- 9 | 10-12 || total
-------------------------+-------+-------+-------+-------++-------
Melee: Dagger            |     9 |     5 |    10 |   176 ||   200
 Fire: Blowgun           |       |       |       |     3 ||     3
 Cast: Corona            |     1 |       |       |       ||     1
       Confuse           |       |     6 |       |    21 ||    27
       Ensorcelled Hiber |       |       |     3 |    40 ||    43
  Use: Potion            |     1 |       |       |     5 ||     6
       Scroll            |       |     1 |     3 |     6 ||    10
 Stab: Sleeping          |     1 |     4 |     9 |    50 ||    64
       Confused          |       |     1 |       |     8 ||     9
  Eat: Bread ration      |       |       |       |     1 ||     1
Armor: Robe              |     1 |       |     1 |     1 ||     3
Dodge: Dodged            |     2 |     2 |     8 |    31 ||    43
